 Dungeon Crawl Stone Soup version 0.24-a0-355-gbe4061d (webtiles) character file.

Game seed: 9909257024751223028

10783 cthulhujr the Cleaver (level 11, -22/97 HPs)
             Began as a Deep Dwarf Fighter on May 23, 2019.
             Was a Believer of Trog.
             Annihilated by a large abomination (28 damage)
             ... in a Gauntlet on May 24, 2019.
             The game lasted 01:04:36 (7922 turns).

cthulhujr the Cleaver (Deep Dwarf Fighter)          Turns: 7922, Time: 01:04:36

Health: -22/97     AC: 16    Str: 28    XL:     11   Next: 40%
Magic:  5/5        EV: 12    Int:  9    God:    Trog [**....]
Gold:   429        SH: 12    Dex: 15    Spells: 10/10 levels left

rFire    . . .     SeeInvis .   j - +2 war axe (chop)
rCold    + . .     Gourm    .   c - +0 shield
rNeg     . . .     Faith    .   R - +0 acid dragon scales
rPois    .         Spirit   .   i - +0 helmet
rElec    .         Reflect  .   p - +0 cloak
rCorr    +         Harm     .   z - +1 pair of gloves {Dex+3}
MR       +++..     NoTele   +   x - +2 pair of boots
Stlth    +.........             (no amulet)
HPRegen  1.00/turn              q - +5 ring of strength
MPRegen  0.09/turn              n - ring of protection from cold

@: non-regenerating
A: damage resistance, heal wounds, hooves 1, sense surroundings 2, wild magic 2,
MP-powered wands, no regeneration
a: Heal Wounds, Berserk, Trog's Hand, Renounce Religion


You were in a Gauntlet.
You worshipped Trog.
Trog was pleased with you.
You were not hungry.

You visited 2 branches of the dungeon, and saw 11 of its levels.
You also visited: Gauntlet.

You collected 429 gold pieces.

Inventory:

Hand Weapons
 a - a +0 long sword
 j - a +2 war axe of chopping (weapon)
 l - a +3 spear of venom
 r - a +4 great mace
 C - a +2 flail of protection
 E - a +0 broad axe
 H - a +1 flail of protection
 I - a +0 flail
 Q - a +0 morningstar
 T - a +0 long sword of distortion
Missiles
 g - 47 poisoned darts (quivered)
 k - 6 silver javelins
 K - 3 datura-tipped darts
Armour
 b - a +1 scale mail
 c - a +0 shield (worn)
 i - a +0 helmet (worn)
 p - a +0 cloak (worn)
 t - a +1 pair of gloves
 w - a +0 scale mail
 x - a +2 pair of boots (worn)
 z - a +1 pair of gloves of dexterity (worn)
 F - a +1 plate armour
 G - a +0 chain mail
 R - +0 acid dragon scales (worn)
 U - a +0 plate armour
Magical Staves
 B - an uncursed staff of wizardry {unknown}
Jewellery
 e - an uncursed ring of stealth
 n - a ring of protection from cold (right hand)
 q - a +5 ring of strength (left hand)
 s - a cursed -3 ring of dexterity
 u - an uncursed ring of resist corrosion
 D - a cursed ring of attention {unknown}
Wands
 m - a wand of random effects (25)
 A - a wand of disintegration (3)
 M - a wand of polymorph (8)
 N - a wand of enslavement (7)
Scrolls
 h - 6 scrolls of remove curse
 v - 5 scrolls of teleportation
 y - a scroll of noise
 J - 9 scrolls of identify
 O - a scroll of enchant weapon
 P - 4 scrolls of immolation
Potions
 d - a potion of might
 o - a potion of invisibility
 L - a potion of agility
Comestibles
 f - 20 rations


   Skills:
 + Level 6.1 Fighting
 - Level 2.4 Long Blades
 + Level 14.1(14.2) Axes
 - Level 1.5(8.1) Polearms
 + Level 2.4 Throwing
 + Level 7.2 Armour
 + Level 3.3 Dodging
 + Level 8.3 Shields
 + Level 0.8 Evocations


You had 10 spell levels left.
You didn't know any spells.
Your spell library contained the following spells:

 Spells                   Type           Power        Failure   Level  Hunger
 Beastly Appendage        Tmut           #.....       87%         1    ##.....
 Sandblast                Erth           #.....       87%         1    ##.....
 Passwall                 Tmut/Erth      #.......     94%         2    ###....
 Sticks to Snakes         Tmut           #.......     94%         2    ###....
 Throw Flame              Conj/Fire      #.....       94%         2    ###....
 Conjure Flame            Conj/Fire      #.......     99%         3    ####...
 Spectral Weapon          Hex/Chrm       #.......     99%         3    ####...
 Spider Form              Tmut/Pois      #.........   99%         3    ####...
 Stone Arrow              Conj/Erth      #.....       99%         3    ####...
 Ice Form                 Ice/Tmut       #.......     100%        4    #####..
 Petrify                  Tmut/Erth      #.......     100%        4    #####..
 Blade Hands              Tmut           #.........   100%        5    ######.
 Lee's Rapid Deconstruct  Erth           #.........   100%        5    ######.
 Venom Bolt               Conj/Pois      #.........   100%        5    ######.
 Bolt of Fire             Conj/Fire      #.........   100%        6    #######


Dungeon Overview and Level Annotations

Branches:
Dungeon (11/15)            Temple (1/1) D:7            Lair (0/6) D:10
    Orc: D:9-12

Altars:
Ashenzari
Cheibriados
Dithmenos
Elyvilon
Fedhas
Gozag
Hepliaklqana
Kikubaaqudgha
Makhleb
Okawaru
Qazlal
Ru
Sif Muna
Trog
Uskayaw
Vehumet
Wu Jian
Xom
Yredelemnul
Zin
The Shining One

Annotations:
Gauntlet 9 transporters, 17 runed translucent doors, exclusion: orange crystal statue


Innate Abilities, Weirdness & Mutations

You are resistant to damage.
You can heal yourself by infusing magical energy.
You passively map the area around you.
You do not regenerate.
You have large cloven feet.
Your spells are harder to cast, but more powerful.
You expend magic power (3 MP) to strengthen your wands.


Message History

The small abomination completely misses you.
You closely miss the small abomination.
The small abomination is severely damaged.
You closely miss the small abomination.
The small abomination is severely damaged.
The small abomination closely misses you.
You hit the small abomination.
The small abomination is almost destroyed.
The small abomination hits you but does no damage.
Your skin crawls.
You feel resistant to hostile enchantments.
You feel somewhat more hungry. The small abomination hits you!
* * * LOW HITPOINT WARNING * * *
You slash the small abomination!
You destroy the small abomination!
Trog accepts your kill.
You barely miss the large abomination.
The large abomination is moderately damaged.
The large abomination hits you!!
You die...

#≈..#########..#.. ...
##.....#©#.....#^#*...
#≈.....#©#.....#.# ###
##..#########..#.. #.#
#§§.#.......#..#..,.©.
##..#.#..##.#..#.,*#.#
#≈..#x..©# .#..#. ###
##..#X###...#..# ...
#≈..#@###...#..# [©.
##..#.###...#..#** ###
#≈..#..(©.(.#... , #©#
##..#########... #©#
#≈.....#©#.....#** ###
##.....#©#.....# , .©.
#§..####### ,+...
##..#y...... *+ +#+
#≈..#.#####.#..#..+...


You could see a large abomination, a small abomination and a meliai.

Vanquished Creatures
  A two-headed ogre (D:10)
  The ghost of Dittersdorf the Skirmisher, a novice HOFi (D:5)
  A fire crab (Gauntlet)
  A cyclops (D:11)
  2 trolls
  A wyvern (D:9)
  3 hogs (D:7)
  6 yaks
  3 fire bats (Gauntlet)
  A large abomination (Gauntlet)
  Grum (D:9)
  A human (D:7)
  Menkaure (D:4)
  3 small abominations (Gauntlet)
  A soldier ant (D:11)
  An acid dragon (D:11)
  A water moccasin (D:10)
  2 sky beasts
  7 orc warriors
  2 eyes of draining (D:10)
  2 phantoms
  9 ogres
  3 wolves (D:9)
  5 centaurs
  A big kobold (D:10)
  Blork the orc (D:6)
  5 bullfrogs
  A wyvern skeleton (D:6)
  A water moccasin zombie (D:6)
  7 killer bees
  2 scorpions
  3 wights (D:6)
  A howler monkey (D:6)
  6 crimson imps
  2 bullfrog zombies (D:6)
  A centaur zombie (D:11)
  3 orc priests
  A centaur skeleton (D:4)
  5 jellies
  A bullfrog skeleton (D:4)
  5 hounds
  5 orc wizards
  4 iguanas
  3 worker ants
  3 hound skeletons
  A hound zombie (D:5)
  2 worker ant zombies
  Robin (D:3)
  12 adders
  4 gnolls (D:6)
  6 shadow imps
  An ooze (D:4)
  2 adder zombies
  2 worms (D:2)
  5 leopard geckos
  25 orcs
  A ball python (D:4)
  7 bats
  5 giant cockroaches
  14 goblins
  11 hobgoblins
  8 jackals
  12 kobolds
  3 quokkas
  2 frilled lizards
  5 rats
  2 butterflies (D:2)
251 creatures vanquished.

Vanquished Creatures (others)
  A plant (Gauntlet)
1 creature vanquished.

Grand Total: 252 creatures vanquished

Notes
Turn   | Place    | Note
-------+----------+-------------------------------------------
     0 | D:1      | cthulhujr the Deep Dwarf Fighter began the quest for the
                  | Orb.
     0 | D:1      | Reached XP level 1. HP: 20/20 MP: 1/1
   210 | D:1      | Reached XP level 2. HP: 20/27 MP: 2/2
   248 | D:1      | Found a shattered altar of Ashenzari.
  1083 | D:2      | Reached XP level 3. HP: 28/33 MP: 3/3
  1116 | D:2      | Found a shimmering altar of Xom.
  1830 | D:3      | Found a deep blue altar of Sif Muna.
  1968 | D:3      | Reached skill level 1 in Polearms
  1970 | D:3      | Reached XP level 4. HP: 40/42 MP: 4/4
  2062 | D:3      | Reached skill level 1 in Dodging
  2139 | D:3      | Noticed Robin
  2177 | D:3      | Killed Robin
  2177 | D:3      | Reached skill level 1 in Axes
  2187 | D:3      | Found an opulent altar of Gozag.
  2339 | D:3      | Reached XP level 5. HP: 40/49 MP: 5/5
  2491 | D:4      | Reached skill level 2 in Axes
  2544 | D:4      | Reached skill level 3 in Axes
  2558 | D:4      | Reached XP level 6. HP: 44/56 MP: 6/6
  2658 | D:4      | Gained mutation: You have large cloven feet. [potion of
                  | mutation]
  2658 | D:4      | Gained mutation: You are surrounded by a mild repulsion
                  | field. (EV +2) [potion of mutation]
  2695 | D:4      | Reached skill level 4 in Axes
  2913 | D:4      | Reached skill level 5 in Axes
  2913 | D:4      | Reached XP level 7. HP: 54/62 MP: 7/7
  2970 | D:4      | Noticed Menkaure
  2974 | D:4      | Killed Menkaure
  3301 | D:5      | Entered Level 5 of the Dungeon
  3302 | D:5      | Upgraded the game from 0.24-a0-350-g5b3daab to
                  | 0.24-a0-355-gbe4061d
  3315 | D:5      | Reached skill level 6 in Axes
  3320 | D:5      | Reached skill level 5 in Shields
  3486 | D:5      | Reached XP level 8. HP: 38/72 MP: 8/8
  3517 | D:5      | Found a shadowy altar of Dithmenos.
  3569 | D:5      | Found a transporter.
  3572 | D:5      | Noticed Dittersdorf's ghost (novice HOFi)
  3575 | D:5      | Found a transporter.
  3584 | D:5      | Reached skill level 7 in Axes
  3615 | D:5      | Killed Dittersdorf's ghost
  3615 | D:5      | Reached skill level 8 in Axes
  3615 | D:5      | Reached skill level 5 in Armour
  3687 | D:5      | Reached skill level 9 in Axes
  3806 | D:5      | Found a blossoming altar of Fedhas.
  3852 | D:5      | Gained mutation: You passively map the area around you.
                  | [Deep Dwarf growth]
  3852 | D:5      | Reached XP level 9. HP: 28/78 MP: 8/8
  4083 | D:6      | Found a bloodstained altar of Trog.
  4099 | D:6      | Reached skill level 1 in Throwing
  4109 | D:6      | Became a worshipper of Trog the Wrathful
  4306 | D:6      | Reached skill level 10 in Axes
  4334 | D:6      | Found a sacrificial altar of Ru.
  4400 | D:6      | Identified a scroll of acquirement
  4524 | D:6      | Reached * piety under Trog
  4539 | D:6      | Found a burning altar of Makhleb.
  4602 | D:6      | Lost mutation: You are surrounded by a mild repulsion
                  | field. (EV +2) [potion of mutation]
  4602 | D:6      | Gained mutation: You expend magic power (3 MP) to
                  | strengthen your wands. [potion of mutation]
  4602 | D:6      | Gained mutation: Your spells are a little harder to cast,
                  | but a little more powerful. [potion of mutation]
  4602 | D:6      | Gained mutation: Your spells are harder to cast, but more
                  | powerful. [potion of mutation]
  4699 | D:6      | Noticed Blork the orc
  4712 | D:6      | Killed Blork the orc
  4942 | D:7      | Reached skill level 11 in Axes
  5097 | D:7      | Reached XP level 10. HP: 66/87 MP: 7/7
  5101 | D:7      | Found an ornate altar of the Wu Jian Council.
  5434 | D:7      | Reached skill level 5 in Fighting
  5567 | D:7      | Found a staircase to the Ecumenical Temple.
  5574 | Temple   | Entered the Ecumenical Temple
  5974 | D:7      | You fall into a shaft and drop 2 floors!
  6101 | D:9      | Found a hide-covered altar of Uskayaw.
  6106 | D:9      | Found a shadowy altar of Dithmenos.
  6253 | D:9      | Reached skill level 12 in Axes
  6287 | D:9      | Noticed Grum
  6308 | D:9      | Killed Grum
  6437 | D:9      | Reached ** piety under Trog
  6753 | D:10     | Entered Level 10 of the Dungeon
  6842 | D:10     | Noticed a two-headed ogre
  6853 | D:10     | Killed a two-headed ogre
  6853 | D:10     | Reached skill level 13 in Axes
  7001 | D:10     | Found a staircase to the Lair.
  7502 | D:11     | Reached XP level 11. HP: 82/96 MP: 8/8
  7711 | D:11     | Found a gate leading to a gauntlet.
  7725 | Gauntlet | Entered a Gauntlet
  7725 | Gauntlet | Found a transporter.
  7725 | Gauntlet | Found a transporter.
  7745 | Gauntlet | Noticed a large abomination
  7749 | Gauntlet | Found a transporter.
  7752 | Gauntlet | Found a transporter.
  7759 | Gauntlet | Found a transporter.
  7762 | Gauntlet | Found a transporter.
  7764 | Gauntlet | Found a large runed translucent door.
  7765 | Gauntlet | Found a large runed translucent door.
  7766 | Gauntlet | Found a large runed translucent door.
  7766 | Gauntlet | Found a large runed translucent door.
  7766 | Gauntlet | Found a runed translucent door.
  7766 | Gauntlet | Found a runed translucent door.
  7767 | Gauntlet | Found a large runed translucent door.
  7768 | Gauntlet | Found a large runed translucent door.
  7769 | Gauntlet | Found a large runed translucent door.
  7769 | Gauntlet | Found a large runed translucent door.
  7770 | Gauntlet | Found a runed translucent gate.
  7770 | Gauntlet | Found a runed translucent gate.
  7770 | Gauntlet | Found a runed translucent gate.
  7771 | Gauntlet | Noticed an orange crystal statue
  7772 | Gauntlet | Found a transporter.
  7782 | Gauntlet | Found a large runed translucent door.
  7782 | Gauntlet | Found a large runed translucent door.
  7783 | Gauntlet | Found a large runed translucent door.
  7784 | Gauntlet | Found a large runed translucent door.
  7790 | Gauntlet | Identified the amulet of Recklessness {Harm *Drain rC+ rN+
                  | Stlth+}
  7792 | Gauntlet | Found a transporter.
  7809 | Gauntlet | Found a transporter.
  7815 | Gauntlet | Found a transporter.
  7823 | Gauntlet | Found a transporter.
  7826 | Gauntlet | Found a transporter.
  7826 | Gauntlet | Noticed a fire crab
  7876 | Gauntlet | Killed a fire crab
  7876 | Gauntlet | Reached skill level 14 in Axes
  7880 | Gauntlet | Identified the Handbook of Fetching Arcane Weapons
  7920 | Gauntlet | HP: 4/97 [small abomination (12)]
  7922 | Gauntlet | Annihilated by a large abomination

Levels and vault maps discovered:
D:1:      dpeg_arrival_brainrot, layout_loops_ring, nicolae_ashenzari_panopticon
D:2:      layout_basic, xom_butterflies
D:3:      layout_rooms, lemuel_round_altar, grunt_gozag_statues, uniq_robin
D:4:      layout_gridville, uniq_menkaure
D:5:      layout_basic, kennysheep_mini, gammafunk_ghost_smash, first_ration,
          nicolae_dithmenos_the_darkroom
D:6:      layout_rooms, marbit_many_paths, basic_altar, serial_bayou_pond_e,
          serial_bayou_pond_e, trog_book, uniq_blork_the_orc
D:7:      layout_loops_ring, lemuel_crystal_altar,
          minmay_temple_entry_nine_rooms, grunt_livestock,
          chequers_decorated_corner
D:9:      layout_basic, eat_drink_and_be_merry_uskayaw, lemuel_crystal_altar,
          wad_floor_pattern_untrapped, uniq_grum
D:10:     layout_small_grid, lair_entry_dummy
D:11:     layout_rooms, orc_0_dummy, enter_bailey_2, gauntlet_entry_generic
Temple:   nicolae_temple_figure_eight
Gauntlet: minmay_gauntlet_mixed_big_or_small [gammafunk_gauntlet_arena_split_x,
          minmay_gauntlet_arena_77_squiggly, gammafunk_gauntlet_arena_corners,
          minmay_gauntlet_arena_77_block_sizes,
          minmay_gauntlet_arena_make_your_own_arena,
          minmay_gauntlet_arena_77_two_paths, gauntlet_exit_hidden_loot]

Skill      XL: |  1  2  3  4  5  6  7  8  9 10 11 |
---------------+----------------------------------+-----
Fighting       | 3 4 5 6 |  6.1
Polearms       | 1 |  1.5
Dodging        | 1 2 3 |  3.3
Armour         | 4 5 6 7 |  7.2
Axes           | 1 3 5 6 9 11 13 14 | 14.1
Shields        | 4 5 6 7 8 |  8.3
Throwing       | 1 2 |  2.4
Long Blades    | |  2.4
Evocations     | |  0.8

Action                   |  1- 3 |  4- 6 |  7- 9 | 10-12 || total
-------------------------+-------+-------+-------+-------++-------
Melee: Long sword        |    95 |       |       |       ||    95
       Spear             |    49 |     1 |       |       ||    50
       War axe           |       |   132 |   221 |   260 ||   613
       Kick              |       |    14 |    65 |       ||    79
Throw: Dart              |    20 |     1 |    22 |    10 ||    53
Invok: Trog's Hand       |       |       |       |     9 ||     9
       Berserk           |       |       |       |     2 ||     2
 Abil: Heal Wounds       |     1 |     2 |     5 |     6 ||    14
Evoke: Wand              |       |       |     1 |     6 ||     7
  Use: Scroll            |     6 |     2 |     7 |     4 ||    19
       Potion            |     4 |     3 |     8 |     8 ||    23
  Eat: Ration            |     1 |     1 |     2 |     5 ||     9
Armor: Scale mail        |    60 |    45 |    40 |     6 ||   151
       Plate armour      |       |       |       |    91 ||    91
       Acid dragon scale |       |       |       |    25 ||    25
Dodge: Dodged            |    39 |    48 |    73 |   103 ||   263
Block: Shield            |    77 |    92 |   128 |   161 ||   458
       Rpst.: Long sword |     8 |       |       |       ||     8

Table legend:
 A = Non-vault XP
 B = Vault XP
 C = Vault XP percentage of total XP
 D = Non-vault monster count
 E = Vault monster count
 F = Vault count percentage of total count
                 A         B        C        D         E       F
            +---------+---------+-------+---------+---------+-------
      Total |   10501 |    4904 |  31.8 |     216 |      33 |  13.3
            +---------+---------+-------+---------+---------+-------
        D:1 |      25 |       2 |   7.4 |      14 |       1 |   6.7
        D:2 |      37 |       0 |   0.0 |      17 |       0 |   0.0
        D:3 |      98 |      34 |  25.8 |      19 |      11 |  36.7
        D:4 |     661 |     183 |  21.7 |      20 |       1 |   4.8
        D:5 |     848 |     920 |  52.0 |      19 |       2 |   9.5
        D:6 |    1317 |      90 |   6.4 |      31 |       1 |   3.1
        D:7 |    1045 |    1001 |  48.9 |      19 |       5 |  20.8
        D:9 |    1220 |     544 |  30.8 |      17 |       4 |  19.0
       D:10 |    2558 |       0 |   0.0 |      32 |       0 |   0.0
       D:11 |    2692 |       0 |   0.0 |      28 |       0 |   0.0
   Gauntlet |       0 |    2130 | 100.0 |       0 |       8 | 100.0
            +---------+---------+-------+---------+---------+-------
